 Dungeon Crawl Stone Soup version 0.19-a0-1608-g4cf22de (webtiles) character file.

3870 Alarkh the Reanimator (level 10, -31/63 HPs)
             Began as a Mummy Necromancer on Sept 17, 2016.
             Was a Priest of Okawaru.
             Killed by the air
             ... invoked by Gastronok
              (43 damage)
             ... on level 8 of the Dungeon.
             The game lasted 00:14:35 (7372 turns).

Alarkh the Reanimator (Mummy Necromancer)           Turns: 7372, Time: 00:14:38

Health: -31/63     AC:  7    Str: 17    XL:     10   Next: 0%
Magic:  2/20       EV: 16    Int: 18    God:    Okawaru [***...]
Gold:   715        SH:  0    Dex: 12    Spells: 4 memorised, 11 levels left

rFire  . . .     SeeInvis .     a - +0 falchion
rCold  + . .     Gourm    .     y - +3 leather armour {rF+}
rNeg   + + +     Faith    .     (no shield)
rPois  ∞         Spirit   .     (no helmet)
rElec  .         Dismiss  .     s - +0 cloak
rCorr  .         Reflect  .     (no gloves)
MR     +....     Harm     .     (no boots)
Stlth  +.........               (no amulet)
                                w - +5 ring of strength
                                v - +5 ring of evasion

@: no status effects
A: no food or potions, fire vulnerability, cold resistance 1, negative energy
resistance 3, torment resistance, unbreathing
a: Heroism, Renounce Religion


You were on level 8 of the Dungeon.
You worshipped Okawaru.
Okawaru was most pleased with you.
You were not hungry.

You visited 2 branches of the dungeon, and saw 9 of its levels.

You collected 715 gold pieces.

Inventory:

Hand Weapons
 a - a +0 falchion (weapon)
 b - a +1 short sword of electrocution
 d - a +0 dagger
 r - a +3 quarterstaff of chaos
 B - a +1 quarterstaff of protection
Armour
 g - a +1 leather armour of cold resistance
 l - a +3 ring mail
 m - a +0 robe
 s - a +0 cloak (worn)
 y - a +3 leather armour of fire resistance (worn)
 C - a +2 robe of the Archmagi
Jewellery
 v - a +5 ring of evasion (left hand)
 w - a +5 ring of strength (right hand)
Wands
 o - a wand of iceblast (0/15)
 D - a wand of flame (29/48)
Scrolls
 c - 4 scrolls of remove curse
 e - a scroll of identify
 f - 3 scrolls of enchant weapon
 h - a scroll of enchant armour
 i - 3 scrolls of magic mapping
 j - 3 scrolls of fog
 k - 2 scrolls of teleportation
 n - 2 scrolls of amnesia {unknown}
 p - 3 scrolls of recharging {unknown}
 q - a scroll of random uselessness {unknown}
 t - a scroll of immolation {unknown}
 u - 2 scrolls of noise {unknown}
 z - a scroll of blinking {unknown}
Books
 A - a book of Necromancy

   Spells                             Type                      Level
   a - Pain                           Necromancy                   1
   b - Animate Skeleton               Necromancy                   1
   c - Vampiric Draining              Necromancy                   3
   d - Regeneration                   Charms/Necromancy            3
   e - Animate Dead                   Necromancy                   4
   f - Control Undead                 Necromancy                   4


   Skills:
 * Level 8.1 Long Blades
 - Level 1.5 Dodging
 - Level 1.5 Stealth
 - Level 7.0 Spellcasting
 - Level 8.6 Necromancy


You had 11 spell levels left.
You knew the following spells:

 Your Spells              Type           Power        Failure   Level  Hunger
a - Pain                  Necr           ####         1%          1    N/A
b - Vampiric Draining     Necr           #####.....   1%          3    N/A
c - Control Undead        Necr           #####.....   4%          4    N/A
d - Animate Dead          Necr           N/A          4%          4    N/A

Dungeon Overview and Level Annotations

Branches:
Dungeon (8/15)             Temple (1/1) D:7
   Lair: D:8-11

Altars:
Ashenzari
Cheibriados
Dithmenos
Elyvilon
Fedhas
Hepliaklqana
Kikubaaqudgha
Nemelex Xobeh
Okawaru
Qazlal
Ru
Sif Muna
Trog
Uskayaw
Vehumet
Xom
Yredelemnul
Zin
The Shining One

Annotations:
D:8 Gastronok


Innate Abilities, Weirdness & Mutations

You do not eat or drink.
Your flesh is vulnerable to fire.
You are immune to poison.
Your flesh is cold resistant. (rC+)
You are immune to negative energy. (rN+++)
You are immune to unholy pain and torment.
You can survive without breathing.


Message History

Evoke which item? (* to show all) (? for menu, Esc to quit)
Zapping:
o - a wand of iceblast {zapped: 2} (will waste charges)
Press: ? - help, Shift-Dir - straight line, f/p - Gastronok
Aim: Gastronok, wearing an embroidered hat (severely wounded)
The mass of ice explodes!
The iceblast engulfs Gastronok.
Gastronok is almost dead.
Evoking this partially-identified wand wasted a few charges.
You feel like a meek peon again.
Evoke which item? (* to show all) (? for menu, Esc to quit)
Zapping:
o - a wand of iceblast {zapped: 4} (will waste charges)
Press: ? - help, Shift-Dir - straight line, f/p - Gastronok
Aim: Gastronok, wearing an embroidered hat (almost dead) Nothing appears to happen.
The rat bites you but does no damage.
As you read the scroll of fear, it crumbles to dust.
You assume a fearsome visage.
The rat looks frightened!
Gastronok resists with almost no effort.
Gastronok waves his eye-stalks in wide circles.
The air twists around and strikes you!
Ouch! That really hurt!
You die...

....# ####### .....
.....#
#+#..######.#.#######
.................w.>#
#......)w####.####..#
# #........'....#
#..#.#
#........######
#....# ......)..#
#.#### ......#@## #.#
......#'######## #.#
#######r....Z..# #w#
#.....##.###.#
#.....##.....#
#.....##.#####
#.##+###.# ..... #>#
# ### .....# #># .#


You could see Gastronok and a rat (fleeing).

Vanquished Creatures
  Pikel (D:8)
  A cyclops (D:8)
  Joseph (D:7)
  A hippogriff (D:8)
  Duvessa (D:6)
  2 orc warriors
  2 ice beasts
  A sky beast (D:8)
  4 slaves (D:8)
  5 ogres
  A necrophage (D:7)
  4 bullfrogs
  Dowan (D:6)
  4 scorpions
  A howler monkey (D:5)
  2 crimson imps
  A quasit (D:8)
  3 hounds
  3 orc wizards
  A centaur skeleton (D:6)
  2 orc priests
  Crazy Yiuf (D:3)
  Jessica (D:2)
  3 iguanas (D:7)
  Ijyb (D:3)
  4 worker ants
  Terence (D:2)
  A howler monkey zombie (D:5)
  2 worker ant zombies
  3 gnolls (D:4)
  12 adders
  An adder zombie (D:5)
  2 oozes
  An adder skeleton (D:5)
  4 worms
  2 dart slugs (D:1)
  A leopard gecko (D:1)
  24 orcs
  3 giant cockroaches
  5 goblins
  5 hobgoblins
  12 jackals
  2 quokkas
  4 ball pythons
  4 bats
  2 frilled lizards
  2 jackal skeletons
  7 kobolds
  A leopard gecko zombie (D:8)
  6 rats
159 creatures vanquished.

Notes
Turn   | Place    | Note
-------+----------+-------------------------------------------
     0 | D:1      | Alarkh the Mummy Necromancer began the quest for the Orb.
     0 | D:1      | Reached XP level 1. HP: 13/13 MP: 3/3
    87 | D:1      | Reached XP level 2. HP: 18/19 MP: 1/5
   683 | D:2      | Reached XP level 3. HP: 22/24 MP: 1/7
   688 | D:2      | Learned a level 3 spell: Vampiric Draining
   702 | D:2      | Noticed Jessica
   713 | D:2      | Killed Jessica
   789 | D:2      | Reached XP level 4. HP: 30/30 MP: 1/8
  1013 | D:2      | Noticed Terence
  1019 | D:2      | Killed Terence
  1019 | D:2      | Reached skill level 5 in Necromancy
  1245 | D:2      | Found a hide-covered altar of Uskayaw.
  1419 | D:3      | Noticed Ijyb
  1448 | D:3      | Killed Ijyb
  1448 | D:3      | Reached skill level 1 in Long Blades
  1451 | D:3      | Reached XP level 5. HP: 23/35 MP: 2/10
  1988 | D:3      | Found a runed door.
  2160 | D:3      | Noticed Crazy Yiuf
  2166 | D:3      | Killed Crazy Yiuf
  2304 | D:4      | Reached XP level 6. HP: 29/41 MP: 0/11
  3500 | D:5      | Entered Level 5 of the Dungeon
  3556 | D:5      | Reached XP level 7. HP: 31/46 MP: 10/13
  3590 | D:5      | Found a sacrificial altar of Ru.
  3785 | D:5      | Found an ancient bone altar of Kikubaaqudgha.
  3824 | D:5      | Found a glowing golden altar of the Shining One.
  4598 | D:6      | Noticed Duvessa
  4635 | D:6      | Killed Duvessa
  4635 | D:6      | Reached skill level 5 in Spellcasting
  4635 | D:6      | Reached XP level 8. HP: 29/52 MP: 1/15
  4849 | D:6      | Found an iron altar of Okawaru.
  4853 | D:6      | Became a worshipper of Warmaster Okawaru
  4859 | D:6      | Found a radiant altar of Vehumet.
  4862 | D:6      | Found a snail-covered altar of Cheibriados.
  4865 | D:6      | Found a shattered altar of Ashenzari.
  4995 | D:6      | Noticed Dowan
  5000 | D:6      | Killed Dowan
  5000 | D:6      | Reached skill level 5 in Long Blades
  5074 | D:6      | You fall through a shaft for 2 floors!
  5075 | D:8      | Noticed Pikel
  5235 | D:7      | Noticed Joseph
  5337 | D:7      | Killed Joseph
  5337 | D:7      | Reached * piety under Okawaru
  5944 | D:7      | Found a staircase to the Ecumenical Temple.
  5956 | Temple   | Entered the Ecumenical Temple
  6027 | D:7      | Reached XP level 9. HP: 56/57 MP: 18/18
  6080 | D:7      | Found a deep blue altar of Sif Muna.
  6326 | D:8      | Found a bloodstained altar of Trog.
  6337 | D:8      | Noticed Gastronok
  6794 | D:8      | Killed Pikel
  6794 | D:8      | Reached ** piety under Okawaru
  6841 | D:8      | Noticed a cyclops
  6882 | D:8      | Killed a cyclops
  7127 | D:8      | Learned a level 4 spell: Control Undead
  7187 | D:8      | Learned a level 4 spell: Animate Dead
  7268 | D:8      | Reached *** piety under Okawaru
  7307 | D:8      | Reached XP level 10. HP: 36/63 MP: 0/20
  7372 | D:8      | Killed from afar by Gastronok

Vault maps used:
D:1:      lightli_arrival_noodles, minmay_misc_feat_diagonals, minmay_surrounded
D:2:      eat_drink_and_be_merry_uskayaw, first_bread, minmay_crystal_water,
          uniq_terence, uniq_jessica
D:3:      uniq_crazy_yiuf_cottage, uniq_iyjb
D:5:      kiku_gazebo_pond_becter, nicolae_overflow_crystal_walls,
          nicolae_ru_sacrificial_ziggurat
D:6:      grunt_temple_overflow_cloverleaf, lightli_minifort, uniq_duvessa
D:7:      lemuel_doored_altar, uniq_joseph
D:8:      hangedman_cross_stitches, lemuel_crystal_altar, hangedman_ranch,
          uniq_pikel, uniq_gastronok
Temple:   eino_wide_crystal_templ

Skill      XL: |  1  2  3  4  5  6  7  8  9 |
---------------+----------------------------+-----
Spellcasting   | 3 4 5 6 7 |  7.0
Necromancy     | 5 6 7 8 |  8.6
Long Blades    | 1 2 3 4 6 8 |  8.1
Dodging        | |  1.5
Stealth        | |  1.5

Action                   |  1- 3 |  4- 6 |  7- 9 | 10-12 || total
-------------------------+-------+-------+-------+-------++-------
Melee: Unarmed           |    16 |       |       |       ||    16
       Dagger            |    11 |     1 |       |       ||    12
       Falchion          |       |   166 |   485 |     2 ||   653
 Cast: Pain              |    44 |   103 |   122 |       ||   269
       Vampiric Draining |       |     3 |    39 |     2 ||    44
       Animate Dead      |       |       |     2 |     1 ||     3
Invok: Heroism           |       |       |     2 |     1 ||     3
Evoke: Wand              |       |       |       |     2 ||     2
  Use: Scroll            |       |     6 |     6 |     1 ||    13
 Stab: Sleeping          |       |     1 |     2 |       ||     3
Armor: Robe              |     8 |       |       |       ||     8
       Ring mail         |       |    81 |    67 |       ||   148
       Leather armour    |       |       |    46 |     1 ||    47
Dodge: Dodged            |    14 |    89 |   332 |       ||   435
